 Dungeon Crawl Stone Soup version 0.28.0-49-g6dfe1f597d (webtiles) character file.

Game seed: 11279799391402565940

94809 Exodus22XD the Executioner (level 15, -7/150 HPs)
             Began as a Minotaur Fighter on May 14, 2022.
             Was the Champion of Jiyva.
             Mangled by a salamander
             ... wielding a +0 trident
              (13 damage)
             ... on level 2 of the Snake Pit.
             The game lasted 00:34:30 (14026 turns).

Exodus22XD the Executioner (Minotaur Fighter)      Turns: 14026, Time: 00:34:32

Health: -7/150     AC: 14    Str: 28    XL:     15   Next: 27%
Magic:  0/19       EV: 17    Int:  5    God:    Jiyva [******]
Gold:   1257       SH:  7    Dex: 10    Spells: 14/14 levels left

rFire   . . .      SeeInvis .   I - +0 war axe (vamp)
rCold   + . .      Faith    .   c - +0 buckler
rNeg    . . .      Spirit   +   j - +4 moon troll leather armour {Spirit, Regen++ MP+5}
rPois   .          Reflect  .   V - +1 hat of the Crypt {rElec}
rElec   +          Harm     .   e - +0 cloak
rCorr   +          Rampage  .   (no gloves)
Will    ++++.      Clarity  +   b - +0 pair of boots
Stlth   ++........              (no amulet)
HPRegen 3.55/turn               u - ring of Salvation {rC+ EV+4}
MPRegen 0.66/turn               (no ring)

@: lethally poisoned (-7 -> -8), calling ooze
A: horns 2, retaliatory headbutt, hooves 1, clarity, strong-willed 3, gelatinous
body 3, pseudopods 1, translucent skin 3, evolution 1, jelly sensing items,
jelly absorbing missiles
}: 1/15 runes: slimy
a: Renounce Religion, Oozemancy, Slimify


You were on level 2 of the Snake Pit.
You worshipped Jiyva.
Jiyva was exalted by your worship.
You visited 4 branches of the dungeon, and saw 23 of its levels.

You collected 1257 gold pieces.

Inventory:

Hand Weapons
 o - a +4 flail
 q - the +5 demon whip "Spellbinder" {antimagic, Will+}
   (You found it on level 5 of the Pits of Slime)

   It reduces the magical energy of the wielder, and disrupts the spells and
   magical abilities of those it strikes.
   Natural abilities and divine invocations are not affected.
   It unleashes wild and unpredictable magical effects upon striking a wizard or
   a creature with magical abilities.
   Will:      It increases your willpower.
 v - a +0 flail of venom
 x - a +3 vampiric trident
 y - a +0 broad axe
 A - a +2 trident of protection
 B - a +2 hand axe of draining
 I - a +0 vampiric war axe (weapon)
 O - the +9 trident of the Heavens {vorpal, Drain Will++ Str-3 Dex+3}
   (You found it on level 4 of the Lair of Beasts)

   It inflicts extra damage upon your enemies.
   Str:       It affects your strength (-3).
   Dex:       It affects your dexterity (+3).
   Drain:     It drains your maximum health when unequipped.
   Will:      It greatly increases your willpower.
 R - a +2 vorpal glaive
 W - a +0 long sword
Missiles
 S - 2 throwing nets (quivered)
Armour
 b - a +0 pair of boots (worn)
 c - a +0 buckler (worn)
 e - a +0 cloak (worn)
 h - a +2 scale mail of poison resistance
 j - the +4 moon troll leather armour (worn) {Spirit, Regen++ MP+5}
   (You found it on level 4 of the Dungeon)

   MP:        It affects your magic capacity (+5).
   Regen:     It increases your rate of health regeneration.
 M - the quicksilver dragon scales of the Arena {Will+ Str+5 Int+4 Dex-2}
   (You found it on level 3 of the Lair of Beasts)

   Str:       It affects your strength (+5).
   Int:       It affects your intelligence (+4).
   Dex:       It affects your dexterity (-2).
   Will:      It increases your willpower.
 T - +0 ice dragon scales
 V - the +1 hat of the Crypt (worn) {rElec}
   (You found it on level 1 of the Snake Pit)

   rElec:     It insulates you from electricity.
Jewellery
 u - the ring of Salvation (left hand) {rC+ EV+4}
   (You found it on level 8 of the Dungeon)

   [ring of evasion]

   EV:        It affects your evasion (+4).
   rC:        It protects you from cold.
Wands
 n - a wand of digging (9)
 w - a wand of mindburst (13)
 z - a wand of paralysis (4)
 G - a wand of polymorph (5)
 H - a wand of iceblast (3)
 P - a wand of flame (9)
 U - a wand of charming (6)
Scrolls
 a - 3 scrolls of brand weapon {unknown}
 g - a scroll of blinking
 k - a scroll of enchant armour
 p - 4 scrolls of noise {unknown}
 s - 2 scrolls of enchant weapon {unknown}
 t - a scroll of magic mapping
 D - a scroll of summoning
 F - a scroll of holy word
 K - a scroll of vulnerability
 L - a scroll of fear
 N - 4 scrolls of teleportation {unknown}
Potions
 d - a potion of might
 f - 5 potions of ambrosia
 i - a potion of brilliance {unknown}
 l - 2 potions of magic {unknown}
 m - 4 potions of curing
 r - a potion of attraction {unknown}
 C - a potion of mutation {unknown}
 E - 2 potions of flight {unknown}
 J - 2 potions of cancellation {unknown}
 Q - a potion of lignification {unknown}


   Skills:
 + Level 18.7 Fighting
 + Level 21.1(21.4) Axes
 + Level 6.4(15.2) Polearms
 + Level 9.9 Armour
 + Level 12.8 Shields
 + Level 0.1 Unarmed Combat


You had 14 spell levels left.
You didn't know any spells.
Your spell library was empty.

Dungeon Overview and Level Annotations

Branches:
Dungeon (10/15)            Temple (0/1) D:4            Lair (6/6) D:8
  Swamp (0/4) Lair:2        Snake (2/4) Lair:4        Slime (5/5) Lair:5
    Orc: D:9-12

Altars:
Ashenzari
Cheibriados
Fedhas
Kikubaaqudgha
Okawaru
Qazlal
Ru
Trog
Uskayaw
Yredelemnul
The Shining One
Beogh
Jiyva

Shops:
D:1 *   D:3 (   D:4 =   D:5 !   D:8 **

Annotations:
D:10 2 transporters, kalagan's ghost, journeyman DECj
Lair:3 exclusion: 2 oklob plants
Slime:5 Royal Jelly


Innate Abilities, Weirdness & Mutations

You have a pair of horns on your head.
You reflexively headbutt those who attack you in melee.
You have large cloven feet.
You possess an exceptional clarity of mind.
You are extremely strong-willed. (Will+++)
Your gelatinous body deflects attacks. (AC +3, EV +3)
Armour fits poorly on your pseudopods.
Your transparent skin significantly reduces your foes' accuracy. (Stealth+)
You have hidden genetic potential.
You have a small jelly attached to you that senses nearby items.
You have a small jelly attached to you that may absorb projectiles.


Message History

Your shock serpent bites the naga warrior!
Your shock serpent shocks the naga warrior!
The wall burns the guardian serpent!
The shock serpent barely misses your shock serpent.
The walls burn the black mamba!
The walls burn the naga sharpshooter!
The naga sharpshooter gestures wildly while chanting.
The naga sharpshooter magically shoots an arrow.
The arrow closely misses you.
The wall burns the naga warrior!
The walls burn the black mamba!
The black mamba misses you.
The walls burn the naga mage!
The walls burn the black mamba!
Your shock serpent misses the shock serpent.
The shock serpent bites your shock serpent!
The shock serpent shocks your shock serpent.
Your shock serpent completely resists.
Your shock serpent's electric aura discharges, shocking the shock serpent!
The shock serpent completely resists.
The wall burns the guardian serpent!
You see here a black mamba corpse.
A salamander comes into view. It is wielding a +0 trident.
You feel sick.
The walls burn the black mamba!
The black mamba closely misses you.
The walls burn the black mamba!
The walls burn the naga mage!
The naga mage points at you and mumbles some strange words.
The bolt of poison hits the naga mage.
The bolt of poison misses you.
The walls burn the naga sharpshooter!
The walls burn the black mamba!
You block the black mamba's attack.
The walls burn the naga mage!
You hit the naga mage.
You feel better.
You kill the naga mage!
You slash the black mamba!
The walls burn the black mamba!
You block the black mamba's attack.
The walls burn the anaconda!
The walls burn the naga sharpshooter!
The naga sharpshooter shoots an arrow.
The arrow hits you.
* * * LOW HITPOINT WARNING * * *
You feel sick.
The walls burn the black mamba!
You kill the black mamba!
The walls burn the naga mage!
The walls burn the anaconda!
The wall burns the salamander! x2
The salamander hits you with a +0 trident!
* * * LOW HITPOINT WARNING * * *
You are engulfed in flames!
You die...

..............
#............
#(.........
#........#
#.......#
#.....# #...N#
#.@†####
###.))N## ##
####NS# .##
##NS######..##
#S.SNS.......#
#.#.SSSS).....
#.....S.≈.S...
#....≈N...N†..
#......N<$S.S.


You could see a naga sharpshooter, 2 salamanders, an anaconda, a naga ritualist,
a shock serpent and a naga mage (fast).

Vanquished Creatures
  Kirke (Lair:5)
  Snorg (Lair:4)
  The ghost of CryoSword the Bludgeoner, a journeyman VSBr of Ru (Snake:1)
  3 naga warriors (Snake:1)
  5 hydras
  A rakshasa (D:9)
  4 anacondas (Snake:1)
  A centaur warrior (D:9)
  3 boulder beetles
  9 death yaks
  2 shock serpents
  3 naga ritualists (Snake:1)
  A wizard (D:9)
  A wolf spider (Lair:6)
  8 mana vipers (Snake:1)
  3 salamanders (Snake:1)
  20 elephants
  30 black mambas
  A moth of wrath (Snake:1)
  4 naga magi
  A guardian serpent (Lair:6)
  A torpor snail (Lair:5)
  17 cane toads
  An unseen horror (D:10)
  3 rime drakes
  14 komodo dragons
  A freezing wraith (D:9)
  A troll (D:10)
  A queen bee (Lair:3)
  A polar bear (Lair:2)
  2 tyrant leeches (Lair:2)
  2 hornets (Lair:6)
  15 blink frogs
  2 dream sheep (Lair:5)
  Sigmund (D:4)
  20 wyverns
  39 yaks
  3 redbacks (Lair:6)
  3 hogs (Lair:5)
  5 basilisks
  3 steam dragons
  15 nagas
  A swamp worm (Lair:2)
  3 acid dragons
  19 water moccasins
  7 orc warriors
  A black bear (D:7)
  27 wolves
  An ogre (D:7)
  6 centaurs
  Blork the orc (D:6)
  A phantom (D:4)
  12 bullfrogs
  A kobold brigand (D:7)
  3 gnoll sergeants (D:9)
  2 scorpions (D:4)
  A water moccasin skeleton (D:5)
  32 killer bees
  4 wights (D:9)
  4 howler monkeys
  A vampire bat (D:4)
  4 electric eels
  A centaur zombie (D:9)
  A bullfrog zombie (D:5)
  2 hounds (D:4)
  2 orc priests
  A centaur skeleton (D:4)
  A gnoll shaman (D:9)
  Terence (D:3)
  4 orc wizards
  11 hell rats (Lair:1)
  A howler monkey zombie (D:9)
  5 adders
  11 gnolls
  2 howler monkey skeletons
  14 river rats (Lair:1)
  A shadow imp (D:6)
  2 white imps
  3 ufetubi
  An adder skeleton (D:4)
  A worm (D:2)
  2 dart slugs
  3 fire bats (D:4)
  12 orcs
  2 spectral bats (D:4)
  4 ball pythons
  3 bat skeletons (D:4)
  A bat zombie (D:4)
  3 giant cockroaches
  4 goblins
  3 hobgoblins
  11 jackals
  6 kobolds
  5 quokkas
  15 bats
  A bat simulacrum (D:4)
  3 frilled lizards
  10 rats
537 creatures vanquished.

Vanquished Creatures (collateral kills)
  A death knight (D:9)
  2 black mambas (Snake:2)
  A komodo dragon (D:8)
  2 basilisks
  A steam dragon (D:6)
  A naga (Snake:2)
  A water moccasin (D:6)
  A hornet zombie (D:6)
  A necrophage (D:6)
  A howler monkey (D:9)
  A white imp (D:6)
13 creatures vanquished.

Vanquished Creatures (others)
  A centaur warrior (D:9)
  A wyvern (Lair:6)
  A yak (D:9)
  2 steam dragons (D:9)
  A naga (Snake:1)
  2 water moccasins (Lair:6)
  2 wolves (Lair:6)
  3 bullfrogs
  A scorpion (D:6)
  A wyvern skeleton (D:5)
  7 killer bees
  An electric eel (Lair:6)
  A howler monkey (D:9)
  A centaur zombie (D:7)
  52 jellies
  A gnoll shaman (D:3)
  3 orc priests (D:7)
  An iguana (D:7)
  A howler monkey zombie (D:10)
  2 adders
  2 gnolls (D:3)
  A howler monkey skeleton (D:7)
  2 white imps (D:7)
  A worm (D:2)
  3 orcs (D:6)
  2 endoplasms (D:4)
  4 goblins
  A hobgoblin (D:4)
  2 jackals (D:5)
  A ball python (D:1)
  2 bats (D:3)
  3 kobolds
  72 fungi
  208 plants
  6 withered plants (D:1)
395 creatures vanquished.

Grand Total: 945 creatures vanquished

Notes
Turn   | Place    | Note
-------+----------+-------------------------------------------
     0 | D:1      | Exodus22XD the Minotaur Fighter began the quest for the
                  | Orb.
     0 | D:1      | Reached XP level 1. HP: 19/19 MP: 0/0
   104 | D:1      | Found a faded altar of an unknown god.
   129 | D:1      | Prayed at the altar of an unknown god.
   129 | D:1      | Became a worshipper of Jiyva Juklor the Shapeless
   129 | D:1      | Reached * piety under Jiyva
   181 | D:1      | Reached XP level 2. HP: 27/27 MP: 1/1
   369 | D:1      | Found Yveg's General Store.
   413 | D:1      | Reached ** piety under Jiyva
  1181 | D:2      | Reached XP level 3. HP: 33/33 MP: 2/2
  1214 | D:2      | Reached *** piety under Jiyva
  1221 | D:2      | Reached skill level 3 in Axes
  1587 | D:3      | Found a stormy altar of Qazlal.
  1604 | D:3      | Gained mutation: You have large cloven feet. [Jiyva's
                  | grace]
  1604 | D:3      | Gained mutation: You have hoof-like feet. [Jiyva's grace]
  1604 | D:3      | Gained mutation: You have hooves in place of feet. [Jiyva's
                  | grace]
  1604 | D:3      | Gained mutation: Your skin changes colour to match your
                  | surroundings (Stealth+). [Jiyva's grace]
  1647 | D:3      | Noticed Terence
  1649 | D:3      | Killed Terence
  1650 | D:3      | Reached XP level 4. HP: 40/40 MP: 3/3
  1749 | D:3      | Found Bosmy's Weapon Emporium.
  1848 | D:3      | Reached **** piety under Jiyva
  2091 | D:3      | Found a bloodstained altar of Trog.
  2335 | D:4      | Found a basalt altar of Yredelemnul.
  2342 | D:4      | Noticed a phantom
  2347 | D:4      | Killed a phantom
  2348 | D:4      | Reached skill level 4 in Axes
  2348 | D:4      | Reached XP level 5. HP: 47/47 MP: 4/4
  2351 | D:4      | Reached skill level 5 in Armour
  2400 | D:4      | Found the +4 moon troll leather armour {Spirit, Regen++
                  | MP+5}
  2498 | D:4      | Found Unorrun's Jewellery Boutique.
  2500 | D:4      | Noticed Sigmund
  2508 | D:4      | Killed Sigmund
  2509 | D:4      | Reached skill level 5 in Axes
  2509 | D:4      | Reached XP level 6. HP: 53/53 MP: 5/5
  2520 | D:4      | Found an ancient bone altar of Kikubaaqudgha.
  2608 | D:4      | Reached skill level 6 in Axes
  2633 | D:4      | Reached skill level 5 in Fighting
  2658 | D:4      | Reached XP level 7. HP: 61/61 MP: 6/6
  2704 | D:4      | Reached skill level 5 in Shields
  2799 | D:4      | Reached skill level 7 in Axes
  2893 | D:4      | Reached ***** piety under Jiyva
  2939 | D:4      | Found a staircase to the Ecumenical Temple.
  2964 | D:4      | Lost mutation: Your skin changes colour to match your
                  | surroundings (Stealth+). [Jiyva's grace]
  2964 | D:4      | Gained mutation: You have supernaturally acute eyesight.
                  | (SInv) [Jiyva's grace]
  2964 | D:4      | Gained mutation: Armour fits poorly on your pseudopods.
                  | [Jiyva's grace]
  2964 | D:4      | Gained mutation: Armour fits poorly on your large
                  | pseudopods. [Jiyva's grace]
  2964 | D:4      | Gained mutation: Armour fits poorly on your massive
                  | pseudopods. [Jiyva's grace]
  3078 | D:5      | Entered Level 5 of the Dungeon
  3195 | D:5      | Reached skill level 8 in Axes
  3199 | D:5      | Reached XP level 8. HP: 70/70 MP: 7/7
  3221 | D:5      | Found a blossoming altar of Fedhas.
  3436 | D:5      | Found Welatol's Distillery.
  3543 | D:6      | Reached skill level 9 in Axes
  3640 | D:6      | Noticed Blork the orc
  3647 | D:6      | Killed Blork the orc
  3677 | D:6      | Found a sacrificial altar of Ru.
  4066 | D:7      | Noticed a +0 dagger
  4067 | D:7      | Noticed a +0 spear
  4067 | D:7      | Noticed a +0 spear
  4068 | D:7      | Noticed a +0 short sword
  4068 | D:7      | Noticed a +0 falchion
  4068 | D:7      | Noticed a +0 falchion
  4068 | D:7      | Noticed a +0 short sword
  4094 | D:7      | Noticed a +0 dagger
  4119 | D:7      | Found a hide-covered altar of Uskayaw.
  4170 | D:7      | Found a broken altar of Ashenzari.
  4190 | D:7      | Lost mutation: You have hooves in place of feet. [Jiyva's
                  | grace]
  4190 | D:7      | Lost mutation: Armour fits poorly on your massive
                  | pseudopods. [Jiyva's grace]
  4190 | D:7      | Gained mutation: Your movements are slightly less
                  | encumbered by armour. (ER -2) [Jiyva's grace]
  4190 | D:7      | Gained mutation: Your movements are less encumbered by
                  | armour. (ER -4) [Jiyva's grace]
  4190 | D:7      | Gained mutation: Your movements are significantly less
                  | encumbered by armour. (ER -6) [Jiyva's grace]
  4190 | D:7      | Gained mutation: Your rubbery body absorbs attacks. (AC +1,
                  | EV +1) [Jiyva's grace]
  4230 | D:7      | Reached skill level 10 in Axes
  4230 | D:7      | Reached XP level 9. HP: 60/78 MP: 8/8
  4762 | D:8      | Reached skill level 11 in Axes
  4856 | D:8      | Reached skill level 12 in Axes
  4859 | D:8      | Reached XP level 10. HP: 67/89 MP: 9/9
  4868 | D:8      | Identified the ring of Salvation {rC+ EV+4}
  4901 | D:8      | Found Yhiujian's General Store.
  4902 | D:8      | Found Mais's Specific Store.
  5070 | D:8      | Reached skill level 13 in Axes
  5125 | D:8      | Found a staircase to the Lair.
  5312 | D:8      | Reached ****** piety under Jiyva
  5465 | D:9      | Found an iron altar of Okawaru.
  5475 | D:9      | Killed a centaur warrior
  5537 | D:9      | Found a snail-covered altar of Cheibriados.
  5694 | D:9      | Noticed a death knight
  5698 | D:9      | Killed a death knight
  5699 | D:9      | Reached skill level 14 in Axes
  5723 | D:9      | Noticed a centaur warrior
  5730 | D:9      | Killed a centaur warrior
  5731 | D:9      | Reached skill level 10 in Fighting
  5731 | D:9      | Reached XP level 11. HP: 78/99 MP: 10/10
  5754 | D:9      | Noticed a rakshasa
  5771 | D:9      | HP: 2/100 [stone wall collision (12)]
  5783 | D:9      | Killed a rakshasa
  5889 | D:9      | Lost mutation: Your rubbery body absorbs attacks. (AC +1,
                  | EV +1) [Jiyva's grace]
  5889 | D:9      | Gained mutation: You have acidic saliva. [Jiyva's grace]
  5889 | D:9      | Gained mutation: You are covered in fur. (AC +1) [Jiyva's
                  | grace]
  5889 | D:9      | Gained mutation: You are covered in thick fur. (AC +2)
                  | [Jiyva's grace]
  5889 | D:9      | Gained mutation: Your thick and shaggy fur keeps you warm.
                  | (AC +3, rC+) [Jiyva's grace]
  5965 | D:9      | Noticed a wizard
  5975 | D:9      | Killed a wizard
  5976 | D:9      | Reached skill level 15 in Axes
  6281 | D:9      | Found a glowing golden altar of the Shining One.
  6511 | D:10     | Entered Level 10 of the Dungeon
  6863 | D:10     | Noticed a yaktaur captain
  6863 | D:10     | Noticed kalagan's ghost (journeyman DECj)
  6864 | D:10     | Found a transporter.
  6864 | D:10     | Noticed a purple ugly thing
  6866 | D:10     | Noticed a seven-headed hydra
  6880 | D:10     | Found a transporter.
  7206 | Lair:1   | Entered Level 1 of the Lair of Beasts
  7416 | Lair:1   | Lost mutation: You have hoof-like feet. [Jiyva's grace]
  7416 | Lair:1   | Lost mutation: Your thick and shaggy fur keeps you warm.
                  | (AC +3, rC+) [Jiyva's grace]
  7416 | Lair:1   | Lost mutation: Armour fits poorly on your large pseudopods.
                  | [Jiyva's grace]
  7416 | Lair:1   | Lost mutation: Your movements are significantly less
                  | encumbered by armour. (ER -6) [Jiyva's grace]
  7416 | Lair:1   | Gained mutation: Your body has grown eyes which may confuse
                  | attackers. (Acc +3) [Jiyva's grace]
  7416 | Lair:1   | Gained mutation: Your body has grown many eyes which may
                  | confuse attackers. (Acc +5) [Jiyva's grace]
  7416 | Lair:1   | Gained mutation: Your body is covered in eyes which may
                  | confuse attackers. (Acc +7, SInv) [Jiyva's grace]
  7416 | Lair:1   | Gained mutation: You have a small jelly attached to you
                  | that senses nearby items. [Jiyva's grace]
  7434 | Lair:1   | Reached skill level 16 in Axes
  8223 | Lair:2   | Found a staircase to the Swamp.
  8234 | Lair:2   | Reached XP level 12. HP: 76/112 MP: 10/11
  8289 | Lair:2   | Reached skill level 17 in Axes
  8643 | Lair:2   | Noticed a boulder beetle
  8656 | Lair:2   | Killed a boulder beetle
  8950 | Lair:3   | Noticed a seven-headed hydra
  8954 | Lair:3   | Killed a seven-headed hydra
  8958 | Lair:3   | Reached skill level 18 in Axes
  8969 | Lair:3   | Noticed a five-headed hydra
  8991 | Lair:3   | Killed a five-headed hydra
  8992 | Lair:3   | Reached skill level 1 in Polearms
  9003 | Lair:3   | Lost mutation: You are covered in thick fur. (AC +2)
                  | [Jiyva's grace]
  9003 | Lair:3   | Lost mutation: You have acidic saliva. [Jiyva's grace]
  9003 | Lair:3   | Lost mutation: Your body is covered in eyes which may
                  | confuse attackers. (Acc +7, SInv) [Jiyva's grace]
  9003 | Lair:3   | Gained mutation: You possess an exceptional clarity of
                  | mind. [Jiyva's grace]
  9003 | Lair:3   | Gained mutation: Your rubbery body absorbs attacks. (AC +1,
                  | EV +1) [Jiyva's grace]
  9003 | Lair:3   | Gained mutation: Your pliable body absorbs attacks. (AC +2,
                  | EV +2) [Jiyva's grace]
  9003 | Lair:3   | Gained mutation: Your gelatinous body deflects attacks. (AC
                  | +3, EV +3) [Jiyva's grace]
  9057 | Lair:3   | Identified the quicksilver dragon scales of the Arena
                  | {Will+ Str+5 Int+4 Dex-2}
  9148 | Lair:3   | Reached skill level 10 in Shields
  9162 | Lair:3   | Reached XP level 13. HP: 123/123 MP: 12/12
 10175 | Lair:4   | Identified the +9 trident of the Heavens {vorpal, Drain
                  | Will++ Str-3 Dex+3}
 10204 | Lair:4   | Noticed Snorg
 10217 | Lair:4   | Killed Snorg
 10362 | Lair:4   | Reached skill level 19 in Axes
 10565 | Lair:4   | Found a staircase to the Snake Pit.
 10587 | Lair:4   | Reached skill level 15 in Fighting
 10814 | Lair:4   | Lost mutation: You are covered in fur. (AC +1) [Jiyva's
                  | grace]
 10814 | Lair:4   | Lost mutation: Your movements are less encumbered by
                  | armour. (ER -4) [Jiyva's grace]
 10814 | Lair:4   | Lost mutation: Your movements are slightly less encumbered
                  | by armour. (ER -2) [Jiyva's grace]
 10814 | Lair:4   | Gained mutation: Your translucent skin slightly reduces
                  | your foes' accuracy. (Stealth+) [Jiyva's grace]
 10814 | Lair:4   | Gained mutation: Your translucent skin reduces your foes'
                  | accuracy. (Stealth+) [Jiyva's grace]
 10814 | Lair:4   | Gained mutation: Your transparent skin significantly
                  | reduces your foes' accuracy. (Stealth+) [Jiyva's grace]
 10814 | Lair:4   | Gained mutation: You have a small jelly attached to you
                  | that may absorb projectiles. [Jiyva's grace]
 11248 | Lair:5   | Found a staircase to the Slime Pits.
 11506 | Lair:5   | Noticed Kirke
 11522 | Lair:5   | Killed Kirke
 11534 | Lair:5   | Reached XP level 14. HP: 63/136 MP: 13/13
 11555 | Lair:5   | Reached skill level 5 in Polearms
 11996 | Lair:6   | Entered Level 6 of the Lair of Beasts
 12158 | Lair:6   | Reached skill level 20 in Axes
 12445 | Lair:6   | Lost mutation: You have supernaturally acute eyesight.
                  | (SInv) [Jiyva's grace]
 12445 | Lair:6   | Lost mutation: Your body has grown many eyes which may
                  | confuse attackers. (Acc +5) [Jiyva's grace]
 12445 | Lair:6   | Lost mutation: Your body has grown eyes which may confuse
                  | attackers. (Acc +3) [Jiyva's grace]
 12445 | Lair:6   | Gained mutation: You are strong-willed. (Will+) [Jiyva's
                  | grace]
 12445 | Lair:6   | Gained mutation: You are highly strong-willed. (Will++)
                  | [Jiyva's grace]
 12445 | Lair:6   | Gained mutation: You are extremely strong-willed. (Will+++)
                  | [Jiyva's grace]
 12445 | Lair:6   | Gained mutation: You have hidden genetic potential.
                  | [Jiyva's grace]
 12953 | Slime:1  | Entered Level 1 of the Pits of Slime
 12953 | Slime:1  | Noticed an azure jelly
 12958 | Slime:1  | Noticed a rockslime
 12962 | Slime:2  | Noticed an acid blob
 12967 | Slime:3  | Noticed an acid blob
 12968 | Slime:3  | Noticed a rockslime
 12975 | Slime:3  | Noticed an azure jelly
 12977 | Slime:3  | Noticed an acid blob
 12986 | Slime:4  | Noticed an azure jelly
 12990 | Slime:4  | Noticed an acid blob
 12995 | Slime:5  | Entered Level 5 of the Pits of Slime
 12998 | Slime:5  | Noticed an azure jelly
 13008 | Slime:5  | Found a viscous altar of Jiyva.
 13010 | Slime:5  | Noticed an acid blob
 13010 | Slime:5  | Noticed an acid blob
 13010 | Slime:5  | Noticed an acid blob
 13010 | Slime:5  | Noticed the Royal Jelly
 13010 | Slime:5  | Noticed an acid blob
 13010 | Slime:5  | Found the +5 demon whip "Spellbinder" {antimagic, Will+}
 13011 | Slime:5  | Noticed an azure jelly
 13011 | Slime:5  | Noticed an azure jelly
 13011 | Slime:5  | Noticed a rockslime
 13013 | Slime:5  | Noticed a rockslime
 13014 | Slime:5  | Noticed a rockslime
 13015 | Slime:5  | Noticed an acid blob
 13026 | Slime:5  | Noticed an acid blob
 13026 | Slime:5  | Noticed an acid blob
 13032 | Slime:5  | Got a slimy rune of Zot
 13035 | Slime:5  | Identified the +0 robe of the Sun {Fly rElec Str+4}
 13049 | Slime:5  | Identified the +0 robe "Giutury" {Stlth+}
 13055 | Slime:5  | Identified the +7 hunting sling of Qazlal {venom, Fragile
                  | Str+3 Int+3}
 13083 | Slime:4  | Noticed an azure jelly
 13084 | Slime:4  | Noticed an acid blob
 13085 | Slime:4  | Noticed an acid blob
 13092 | Slime:4  | Noticed an azure jelly
 13243 | Snake:1  | Entered Level 1 of the Snake Pit
 13289 | Lair:4   | HP: 6/140 [shock serpent/bolt of electricity (14)]
 13306 | Lair:3   | HP: 7/140 [shock serpent (11)]
 13459 | Snake:1  | Reached XP level 15. HP: 73/149 MP: 0/14
 13520 | Snake:1  | Reached skill level 21 in Axes
 13688 | Snake:1  | Noticed CryoSword's ghost (journeyman VSBr)
 13692 | Snake:1  | Found a transporter.
 13693 | Snake:1  | Found a bloodstained altar of Trog.
 13709 | Snake:1  | Found a transporter.
 13740 | Snake:1  | Killed CryoSword's ghost
 13746 | Snake:1  | HP: 6/150 [naga warrior/+2 antimagic battleaxe (23)]
 13752 | Snake:1  | Identified the +1 hat of the Crypt {rElec}
 14022 | Snake:2  | HP: 7/150 [naga mage/+0 whip (12)]
 14026 | Snake:2  | Mangled by a salamander

Illustrated notes

Levels and vault maps discovered:
D:1:      dpeg_arrival_arbitrary_b, layout_loops_corners,
          ebering_ecumenical_altar_petrified, serial_shops, nicolae_shop_stone
D:2:      layout_basic, minivault_26, st_stairs_13, minmay_heptomino_d4
D:3:      layout_loops_corners, grunt_qazlal_clouds,
          mainiacjoe_overflow_chevrons, serial_shops, nicolae_shop_crystal,
          uniq_terence
D:4:      minmay_razor_zed, layout_basic, mainiacjoe_overflow_brackets,
          nicolae_kikubaaqudgha_miasma_corner, temple_doors_cd, serial_shops,
          shop, minmay_misc_feat_chi, goddamned_bats, uniq_sigmund
D:5:      layout_rooms, old_standard_altar, serial_shops, nicolae_shop_stone
D:6:      layout_cave_pools, nicolae_ru_path_of_blood, uniq_blork_the_orc
D:7:      layout_loops_ring, nicolae_uskayaw_en_pointe,
          cheibrodos_ashenzari_chains, nicolae_sextant, david_defended_altar_orc
D:8:      layout_rooms, erik_lair_dragon, nicolae_specific_store
D:9:      minmay_the_grid_4x2 [minmay_the_grid_aliased_spiral,
          minmay_the_grid_mess, minmay_the_grid_diamond_grid,
          minmay_the_grid_doors, minmay_the_grid_plusring,
          minmay_the_grid_outer_diamond, minmay_the_grid_dragon_a,
          minmay_the_grid_prize_four_corners], layout_stronghold,
          nicolae_tso_carved_into_rock, kennysheep_okawaru_gauntlet,
          mainiacjoe_overflow_surrounded_room, minivault_1, grunt_ministairs_10
D:10:     layout_loops_cross, gammafunk_ghost_arena
Lair:1:   lemuel_ratsnest, layout_hall_layers, beast_lair_carwin_11,
          serial_bayou_shore_b
Lair:2:   layout_big_grid, minmay_swamp_entry_worms, nzn_random_ring
Lair:3:   hangedman_what_comes_after_a, layout_small_grid, st_stairs_12
Lair:4:   layout_regular_city, minmay_snake_entry_guardpost_large,
          chequers_serial_rivers_micro_e, chequers_serial_rivers_room_a,
          uniq_snorg
Lair:5:   wad_woods_pond, layout_gridlike, slime_dummy,
          nicolae_quartered_pool_impasse, uniq_kirke
Lair:6:   hangedman_lair_tendril_chambers, layout_regular_city,
          serial_bayou_lagoon_a, serial_bayou_shore_a
Snake:1:  layout_misc_corridors, gammafunk_ghost_wrathful_warriors, drop_trap,
          serial_bayou_shore_b
Snake:2:  layout_onion, evilmike_ambush [evilmike_ambush_outer_basic,
          evilmike_ambush_inner_basic], minmay_shop_grove, uniq_vashnia,
          uniq_aizul, uniq_louise
Slime:1:  layout_caves
Slime:2:  layout_caves
Slime:3:  layout_caves, nicolae_slime_phagocytosis
Slime:4:  layout_caves
Slime:5

Skill      XL: |  1  2  3  4  5  6  7  8  9 10 11 12 13 14 15 |
---------------+----------------------------------------------+-----
Armour         | 4 5 6 7 8 9 |  9.9
Fighting       | 4 5 6 8 10 12 13 15 18 | 18.7
Shields        | 4 5 6 7 8 10 11 12 | 12.8
Axes           | 3 4 5 6 8 10 12 14 16 18 19 20 21 | 21.1
Polearms       | 3 4 6 |  6.4
Unarmed Combat | |  0.1

Action                   |  1- 3 |  4- 6 |  7- 9 | 10-12 | 13-15 || total
-------------------------+-------+-------+-------+-------+-------++-------
Melee: War axe           |    60 |    48 |   173 |   241 |   505 ||  1027
       Headbutt          |     4 |     6 |    19 |   127 |   178 ||   334
       Kick              |     1 |    15 |    45 |     8 |       ||    69
       Pseudopods        |       |       |    15 |   119 |   161 ||   295
       Broad axe         |       |       |       |   241 |   130 ||   371
       Bite              |       |       |       |    56 |       ||    56
       Trident           |       |       |       |    29 |    48 ||    77
       Unarmed           |       |       |       |       |     2 ||     2
Invok: Oozemancy         |       |       |     1 |     3 |     3 ||     7
  Use: Scroll            |       |       |       |     5 |     8 ||    13
       Potion            |       |       |       |       |     4 ||     4
 Stab: Confused          |       |       |       |     8 |    27 ||    35
Armor: Scale mail        |    29 |    41 |    77 |     5 |       ||   152
       Troll leather arm |       |       |       |   118 |   154 ||   272
Dodge: Dodged            |    34 |    28 |   115 |   287 |   589 ||  1053
Block: Buckler           |    13 |    23 |    54 |   122 |   207 ||   419
